 Dungeon Crawl Stone Soup version 0.29.0-4-gdea44cf6ec (webtiles) character file.

Game seed: 5813075205907416988

2082 qw the Cleaver (level 9, -1/50 (54) HPs)
             Began as a Tengu Warper on Aug 28, 2022.
             Slain by a wight
             ... wielding a +4 great sword
              (2 damage)
             ... on level 6 of the Dungeon.
             The game lasted 00:00:52 (5263 turns).

qw the Cleaver (Tengu Warper)                       Turns: 5263, Time: 00:00:53

HP:   -1/50 (54)    AC: 10    Str: 15    XL:     9   Next: 27%
MP:   13/13         EV:  9    Int: 13    God:
Gold: 287           SH:  0    Dex: 21    Spells: 12/12 levels left

rFire   + . .      SeeInvis .   Y - +1 hand axe
rCold   . . .      Faith    .   (no shield)
rNeg    . . .      Spirit   .   p - +0 chain mail
rPois   .          Reflect  .   (helmet restricted)
rElec   .          Harm     .   j - +0 cloak
rCorr   .          Rampage  .   (no gloves)
Will    .....                   (boots unavailable)
Stlth   ..........              e - amulet of regeneration
HPRegen 0.96/turn               i - +6 ring of dexterity
MPRegen 0.13/turn               a - ring of protection from fire

@: about to teleport, flying quickly and evasively, drained, quick
A: beak, talons 3, nimble flight
a: no special abilities


You were on level 6 of the Dungeon.
You visited 2 branches of the dungeon, and saw 7 of its levels.
You also visited: Ossuary.

You collected 287 gold pieces.


Innate Abilities, Weirdness & Mutations

You have a beak for a mouth.
You have claws for feet.
Your magical nature lets you fly swiftly and evasively.


   Skills:
 - Level 5.3 Fighting
 + Level 10.8 Axes
 - Level 2.1 Throwing
 - Level 4.1 Armour
 - Level 3.1 Dodging
 - Level 2.0 Spellcasting
 - Level 2.4 Translocations


You had 12 spell levels left.
You didn't know any spells.
Your spell library contained the following spells:

 Spells                   Type           Power      Damage    Failure   Level
 Blink                    Tloc           14%        N/A       95%         2
 Gell's Gravitas          Tloc           7%         N/A       99%         3
 Lesser Beckoning         Tloc           7%         N/A       99%         3
 Teleport Other           Tloc           7%         N/A       99%         3
 Manifold Assault         Tloc           7%         N/A       100%        5

Inventory:

Hand Weapons
 c - a +0 flail
 Y - a +1 hand axe (weapon)
Missiles
 r - a javelin (quivered)
Armour
 j - a +0 cloak (worn)
 p - a +0 chain mail (worn)
Jewellery
 a - a ring of protection from fire (right hand)
 e - an amulet of regeneration (around neck)
 i - a +6 ring of dexterity (left hand)
 k - a ring of fire
Scrolls
 b - a scroll of summoning {unknown}
 g - a scroll of teleportation
 l - a scroll of identify
Potions
 d - 3 potions of curing
 h - a potion of berserk rage {unknown}
 m - a potion of mutation {unknown}
 n - a potion of might {unknown}
 o - 2 potions of haste {unknown}
 q - 2 potions of heal wounds

Dungeon Overview and Level Annotations

Branches:
Dungeon (6/15)             Temple (1/1) D:6         Ossuary (visited)

Altars:
Cheibriados
Dithmenos
Elyvilon
Fedhas
Gozag
Hepliaklqana
Kikubaaqudgha
Makhleb
Qazlal
Ru
Sif Muna
Trog
Uskayaw
Vehumet
Wu Jian
Xom
Yredelemnul
Zin
The Shining One


Message History

You slash the ogre! You claw the ogre.
The ogre is severely wounded.
The ogre hits you with a +0 giant spiked club!
You slash the ogre!
You kill the ogre!
5253 ||| FLEEEEING.
You hit the ice beast but do no damage. You peck the ice beast.
The ice beast is lightly wounded.
The ice beast hits you but does no damage.
You hit the ice beast.
You claw the ice beast, but do no damage.
The ice beast is lightly wounded.
You slash the ice beast!
You punch the ice beast, but do no damage.
The ice beast is heavily wounded.
The ice beast hits you. The ice beast freezes you.
A wight comes into view. It is wielding a +4 great sword.
5257 ||| Stepping ~*~*~tactically~*~*~ (stealth).
You hit the ice beast.
The ice beast is heavily wounded.
The ice beast hits you but does no damage.
You hit the ice beast but do no damage. You claw the ice beast!
Your peck misses the ice beast.
The ice beast is almost dead.
You hit the ice beast.
You kill the ice beast!
You barely miss the wight. You claw the wight.
The wight is moderately damaged.
The wight barely misses you.
You hit the wight but do no damage. You claw the wight.
You peck the wight, but do no damage.
The wight is severely damaged.
The wight hits you with a +4 great sword!
You feel drained.
5263 ||| READING 2 scrolls of teleportation.
As you read the scroll of teleportation, it crumbles to dust.
You feel strangely unstable.
The wight hits you with a +4 great sword!
You feel drained.
You die...

#.....>..#..........#
#
#...................#
#.#######...#.......#
#. #..#.#.....## #.
#.###.#...### #.
#))#.####...
#.....###.#
#.#.......##
#......@z..#####
#####....).......
#.####.####.# #.# .#
#.# .# #.. .. #.. .#
.Y


You could see a wight.

Vanquished Creatures
  Grinder (D:5)
  A water moccasin (D:5)
  2 ice beasts (D:6)
  3 black bears
  A centaur (D:4)
  2 ogres
  4 scorpions
  A bullfrog (D:6)
  A necrophage (D:4)
  3 hounds
  An orc priest (D:6)
  3 iguanas
  Natasha (thrice) (D:2)
  3 orc wizards
  3 mummies (Ossuary)
  12 gnolls
  10 adders
  2 adder zombies (Ossuary)
  A worm (D:2)
  2 dart slugs
  10 orcs
  7 bats
  13 endoplasms
  3 giant cockroaches
  A gnoll zombie (Ossuary)
  8 goblins
  5 hobgoblins
  6 jackals
  2 quokkas
  13 ball pythons
  10 frilled lizards
  4 goblin zombies (Ossuary)
  7 kobolds
  3 kobold zombies (Ossuary)
  An orc zombie (Ossuary)
  A quokka zombie (Ossuary)
  5 rats
  6 rat zombies (Ossuary)
164 creatures vanquished.

Vanquished Creatures (others)
  A plant (D:1)
1 creature vanquished.

Grand Total: 165 creatures vanquished

Notes
Turn   | Place    | Note
-------+----------+-------------------------------------------
     0 | D:1      | qw the Tengu Warper began the quest for the Orb.
     0 | D:1      | Reached XP level 1. HP: 12/12 MP: 4/4
     0 | D:1      | 0 ||| qw: Version: 0.1-a-89-g26bdef1
     0 | D:1      | 0 ||| qw: Game counter: 540
     0 | D:1      | 0 ||| qw: Always use a shield: true
     0 | D:1      | 0 ||| qw: God list: Okawaru
     0 | D:1      | 0 ||| qw: Allow faded altars: false
     0 | D:1      | 0 ||| qw: Do Orc after D:15 true
     0 | D:1      | 0 ||| qw: Do second Lair branch before Depths: true
     0 | D:1      | 0 ||| qw: Lair rune preference: random
     0 | D:1      | 0 ||| qw: Plans: Normal
     0 | D:1      | 0 ||| PLANNING D:1-11
   111 | D:1      | Found a faded altar of an unknown god.
   146 | D:1      | 146 ||| Stepping ~*~*~tactically~*~*~ (stealth).
   147 | D:1      | 147 ||| Stepping ~*~*~tactically~*~*~ (stealth).
   148 | D:1      | 148 ||| Stepping ~*~*~tactically~*~*~ (stealth).
   153 | D:1      | 153 ||| Stepping ~*~*~tactically~*~*~ (stealth).
   155 | D:1      | 155 ||| Stepping ~*~*~tactically~*~*~ (stealth).
   162 | D:1      | 162 ||| Stepping ~*~*~tactically~*~*~ (stealth).
   163 | D:1      | 163 ||| Stepping ~*~*~tactically~*~*~ (stealth).
   164 | D:1      | 164 ||| Stepping ~*~*~tactically~*~*~ (stealth).
   184 | D:1      | 184 ||| Stepping ~*~*~tactically~*~*~ (stealth).
   188 | D:1      | 188 ||| Stepping ~*~*~tactically~*~*~ (stealth).
   190 | D:1      | 190 ||| Stepping ~*~*~tactically~*~*~ (stealth).
   201 | D:1      | Reached XP level 2. HP: 8/17 MP: 6/6
   387 | D:1      | Reached skill level 3 in Axes
   768 | D:1      | 768 ||| Stepping ~*~*~tactically~*~*~ (stealth).
  1093 | D:1      | 1093 ||| DROPPING +0 club.
  1452 | D:1      | 1452 ||| UPGRADING to +0 cloak.
  1457 | D:1      | 1457 ||| UPGRADING to amulet of regeneration.
  1462 | D:1      | 1462 ||| UPGRADING to +6 ring of dexterity.
  1463 | D:1      | 1463 ||| READING scroll labelled WIKINT QUWYCKYA.
  1464 | D:1      | 1464 ||| READING scroll labelled TAPSEI EKHUPPI.
  1465 | D:1      | 1465 ||| DROPPING scroll of blinking.
  1514 | D:2      | Noticed Natasha
  1515 | D:2      | 1515 ||| Stepping ~*~*~tactically~*~*~ (hiding).
  1521 | D:2      | Killed Natasha
  1522 | D:2      | Reached skill level 4 in Axes
  1522 | D:2      | Reached XP level 3. HP: 10/21 MP: 7/7
  1569 | D:2      | Noticed Natasha
  1570 | D:2      | 1570 ||| Stepping ~*~*~tactically~*~*~ (hiding).
  1573 | D:2      | 1573 ||| Stepping ~*~*~tactically~*~*~ (hiding).
  1574 | D:2      | 1574 ||| Stepping ~*~*~tactically~*~*~ (hiding).
  1579 | D:2      | HP: 4/21 [Natasha/puff of flame (8)]
  1581 | D:2      | Killed Natasha
  1582 | D:2      | Reached XP level 4. HP: 8/26 MP: 8/8
  1588 | D:2      | Noticed Natasha
  1589 | D:2      | 1589 ||| Stepping ~*~*~tactically~*~*~ (hiding).
  1598 | D:2      | HP: 5/26 [Natasha/puff of flame (6)]
  1598 | D:2      | HP: 1/26 [iron imp[Natasha] (4)]
  1599 | D:2      | Killed Natasha
  1600 | D:2      | Reached skill level 5 in Axes
  1618 | D:2      | 1618 ||| Stepping ~*~*~tactically~*~*~ (stealth).
  1621 | D:2      | 1621 ||| Stepping ~*~*~tactically~*~*~ (stealth).
  1622 | D:2      | 1622 ||| Stepping ~*~*~tactically~*~*~ (stealth).
  1623 | D:2      | 1623 ||| Stepping ~*~*~tactically~*~*~ (stealth).
  1625 | D:2      | 1625 ||| Stepping ~*~*~tactically~*~*~ (stealth).
  1626 | D:2      | 1626 ||| Stepping ~*~*~tactically~*~*~ (stealth).
  1679 | D:2      | 1679 ||| Stepping ~*~*~tactically~*~*~ (stealth).
  1684 | D:2      | 1684 ||| Stepping ~*~*~tactically~*~*~ (stealth).
  1686 | D:2      | 1686 ||| Stepping ~*~*~tactically~*~*~ (stealth).
  1696 | D:2      | Gained mutation: Your magical nature lets you fly swiftly
                  | and evasively. [Tengu growth]
  1696 | D:2      | Reached XP level 5. HP: 29/30 MP: 9/9
  1700 | D:2      | 1700 ||| Stepping ~*~*~tactically~*~*~ (stealth).
  1844 | D:2      | 1844 ||| Stepping ~*~*~tactically~*~*~ (stealth).
  1846 | D:2      | 1846 ||| Stepping ~*~*~tactically~*~*~ (stealth).
  1847 | D:2      | 1847 ||| Stepping ~*~*~tactically~*~*~ (stealth).
  2168 | D:2      | 2168 ||| UPGRADING to +0 scale mail.
  2178 | D:2      | 2178 ||| DROPPING +0 leather armour.
  2179 | D:2      | 2179 ||| UPGRADING to ring of protection from fire.
  2180 | D:2      | 2180 ||| READING scroll labelled FIOCHO NAIQ.
  2181 | D:2      | 2181 ||| READING 3 scrolls labelled NUSOOJ MASIET YVI.
  2184 | D:2      | 2184 ||| READING scroll labelled UKIF VOR EQE.
  2185 | D:2      | 2185 ||| DRINKING 2 inky potions.
  2215 | D:3      | Found an opulent altar of Gozag.
  2252 | D:3      | 2252 ||| Stepping ~*~*~tactically~*~*~ (stealth).
  2289 | D:3      | Reached skill level 6 in Axes
  2323 | D:3      | 2323 ||| DROPPING +0 mace.
  2328 | D:3      | 2328 ||| Stepping ~*~*~tactically~*~*~ (stealth).
  2344 | D:3      | 2344 ||| Stepping ~*~*~tactically~*~*~ (hiding).
  2366 | D:3      | 2366 ||| Stepping ~*~*~tactically~*~*~ (hiding).
  2367 | D:3      | 2367 ||| Stepping ~*~*~tactically~*~*~ (hiding).
  2375 | D:3      | Reached XP level 6. HP: 31/35 MP: 10/10
  2547 | D:3      | Noticed a black bear
  2559 | D:3      | Killed a black bear
  2560 | D:3      | Reached skill level 7 in Axes
  2813 | D:3      | 2813 ||| Stepping ~*~*~tactically~*~*~ (stealth).
  2875 | D:3      | Reached skill level 3 in Fighting
  2897 | D:3      | Found an ancient bone altar of Kikubaaqudgha.
  2986 | D:3      | 2986 ||| DROPPING +3 leather armour of willpower.
  2987 | D:3      | 2987 ||| UPGRADING to +0 chain mail.
  2997 | D:3      | 2997 ||| DROPPING +0 scale mail.
  2998 | D:3      | 2998 ||| READING scroll labelled IWISUTE GONUE.
  2999 | D:3      | 2999 ||| READING 2 scrolls of identify.
  2999 | D:3      | 2999 ||| IDENTIFYING sapphire potion
  3000 | D:3      | 3000 ||| DROPPING potion of attraction.
  3058 | D:4      | 3058 ||| Stepping ~*~*~tactically~*~*~ (stealth).
  3065 | D:4      | Reached XP level 7. HP: 37/41 MP: 11/11
  3141 | D:4      | 3141 ||| Stepping ~*~*~tactically~*~*~ (stealth).
  3144 | D:4      | 3144 ||| Stepping ~*~*~tactically~*~*~ (stealth).
  3316 | D:4      | 3316 ||| Stepping ~*~*~tactically~*~*~ (stealth).
  3325 | D:4      | Reached skill level 8 in Axes
  3344 | D:4      | Reached skill level 3 in Armour
  3356 | D:4      | Reached XP level 8. HP: 40/46 MP: 12/12
  3801 | D:4      | 3801 ||| READING scroll labelled ECENWU NIBLANI.
  3802 | D:4      | 3802 ||| READING scroll labelled ORCHUL FORODI.
  3803 | D:4      | 3803 ||| DRINKING 2 fizzy pink potions.
  3804 | D:4      | 3804 ||| DRINKING 2 fuming clear potions.
  3838 | D:4      | 3838 ||| READING 4 scrolls of identify.
  3838 | D:4      | 3838 ||| IDENTIFYING bubbling ruby potion
  3839 | D:4      | 3839 ||| READING 3 scrolls of identify.
  3839 | D:4      | 3839 ||| IDENTIFYING fizzy orange potion
  3840 | D:4      | 3840 ||| READING 2 scrolls of identify.
  3840 | D:4      | 3840 ||| IDENTIFYING fuming grey potion
  3841 | D:4      | 3841 ||| DROPPING potion of invisibility.
  3842 | D:4      | 3842 ||| DROPPING potion of lignification.
  3843 | D:4      | 3843 ||| DROPPING potion of degeneration.
  3844 | D:4      | 3844 ||| DROPPING potion of magic.
  3846 | D:5      | Entered Level 5 of the Dungeon
  3847 | D:5      | 3847 ||| PLANNING OSSUARY
  3865 | D:5      | Reached skill level 9 in Axes
  3927 | D:5      | HP: 11/46 [water moccasin (4)]
  3928 | D:5      | 3928 ||| READING 2 scrolls of teleportation.
  3929 | D:5      | 3929 ||| DRINKING potion of heal wounds.
  4049 | D:5      | Noticed Grinder
  4050 | D:5      | 4050 ||| Stepping ~*~*~tactically~*~*~ (hiding).
  4054 | D:5      | 4054 ||| Stepping ~*~*~tactically~*~*~ (stealth).
  4062 | D:5      | Killed Grinder
  4083 | D:5      | Reached skill level 3 in Dodging
  4089 | D:5      | 4089 ||| Stepping ~*~*~tactically~*~*~ (stealth).
  4090 | D:5      | 4090 ||| Stepping ~*~*~tactically~*~*~ (stealth).
  4151 | D:5      | Found a sand-covered staircase.
  4156 | Ossuary  | Entered an ossuary
  4352 | Ossuary  | 4352 ||| READING 3 scrolls of identify.
  4352 | Ossuary  | 4352 ||| IDENTIFYING sedimented grey potion
  4353 | Ossuary  | 4353 ||| READING 2 scrolls of identify.
  4353 | Ossuary  | 4353 ||| IDENTIFYING silvery potion
  4354 | Ossuary  | 4354 ||| DROPPING potion of brilliance.
  4355 | Ossuary  | 4355 ||| DROPPING potion of flight.
  4360 | D:5      | 4360 ||| PLANNING D:1-11
  4409 | D:5      | Reached skill level 10 in Axes
  4882 | D:6      | Found a staircase to the Ecumenical Temple.
  4883 | D:6      | 4883 ||| PLANNING TEMPLE
  4896 | Temple   | Entered the Ecumenical Temple
  5031 | Temple   | 5031 ||| PLANNING D:1-11
  5130 | D:6      | Reached XP level 9. HP: 53/53 MP: 13/13
  5210 | D:6      | 5210 ||| Stepping ~*~*~tactically~*~*~ (hiding).
  5234 | D:6      | 5234 ||| DRINKING 4 potions of curing.
  5234 | D:6      | 5234 ||| (to cure confusion)
  5247 | D:6      | 5247 ||| Stepping ~*~*~tactically~*~*~ (stealth).
  5253 | D:6      | 5253 ||| FLEEEEING.
  5257 | D:6      | 5257 ||| Stepping ~*~*~tactically~*~*~ (stealth).
  5262 | D:6      | HP: 12/52 [wight/+4 great sword (5)]
  5263 | D:6      | 5263 ||| READING 2 scrolls of teleportation.
  5263 | D:6      | HP: 1/52 [wight/+4 great sword (12)]
  5263 | D:6      | Slain by a wight

Levels and vault maps discovered:
D:1:      kilobyte_arrival_exit_the_forest, layout_loops_cross,
          hellmonk_ecumenical_altar_leap_of_faith, serial_bayou_pond_c,
          grunt_decor_cap, corexii_corridor_pit
D:2:      layout_rooms, minmay_lizard_pond, uniq_natasha
D:3:      layout_basic, mainiacjoe_overflow_tiny_flanked, grunt_gozag_statues,
          serial_corexii_hall, corexii_hall_statues_t,
          corexii_hall_statues_deadend
D:4:      minmay_clustersquares, layout_basic, minmay_starry_boxes
D:5:      layout_basic, enter_ossuary_2, uniq_grinder
D:6:      layout_loops_ring, mainiacjoe_overflow_paths,
          minmay_temple_entry_overgrown
Temple:   minmay_temple_bridge_d

Skill      XL: |  1  2  3  4  5  6  7  8  9 |
---------------+----------------------------+-----
Axes           | 4 5 6 7 8 10 | 10.8
Fighting       | 3 4 5 |  5.3
Armour         | 3 4 |  4.1
Dodging        | 3 |  3.1
Throwing       | 2 |  2.1
Spellcasting   | |  2.0
Translocations | |  2.4

Action                   |  1- 3 |  4- 6 |  7- 9 || total
-------------------------+-------+-------+-------++-------
Melee: Hand axe          |    56 |   190 |   241 ||   487
       Kick              |    11 |    56 |    88 ||   155
       Peck              |     7 |    30 |    45 ||    82
       Punch             |     1 |     1 |     5 ||     7
Throw: Boomerang         |     7 |       |       ||     7
       Javelin           |       |     2 |    21 ||    23
  Use: Scroll            |     2 |     5 |     9 ||    16
       Potion            |       |     1 |     4 ||     5
 Stab: Sleeping          |     1 |       |       ||     1
Armor: Leather armour    |    15 |     8 |       ||    23
       Scale mail        |       |    32 |       ||    32
       Chain mail        |       |     4 |   104 ||   108
Dodge: Dodged            |    20 |   101 |    73 ||   194

Table legend:
 A = Non-vault XP
 B = Vault XP
 C = Vault XP percentage of total XP
 D = Non-vault monster count
 E = Vault monster count
 F = Vault count percentage of total count
                 A         B        C        D         E       F
            +---------+---------+-------+---------+---------+-------
      Total |    2216 |     759 |  25.5 |     120 |      44 |  26.8
            +---------+---------+-------+---------+---------+-------
        D:1 |      31 |       0 |   0.0 |      18 |       0 |   0.0
        D:2 |     133 |      43 |  24.4 |      27 |       9 |  25.0
        D:3 |     396 |       0 |   0.0 |      33 |       0 |   0.0
        D:4 |     261 |     352 |  57.4 |      23 |      13 |  36.1
        D:5 |     751 |     281 |  27.2 |       9 |       1 |  10.0
        D:6 |     644 |       0 |   0.0 |      10 |       0 |   0.0
    Ossuary |       0 |      83 | 100.0 |       0 |      21 | 100.0
            +---------+---------+-------+---------+---------+-------
